 Dungeon Crawl Stone Soup version 0.32-a0-361-g289a535e89 (webtiles) character file.

Game seed: 7626920246187836068

28 croobank the Sneak (level 3, -3/29 HPs)
             Began as a Human Delver on Feb 18, 2024.
             Shot with an arrow by a centaur (8 damage)
             ... on level 6 of the Dungeon.
             The game lasted 00:01:08 (84 turns).

croobank the Sneak (Human Delver)                     Turns: 84, Time: 00:01:09

Health: -3/29      AC:  3    Str: 12    XL:     3   Next: 14%
Magic:  3/3        EV: 12    Int: 12    God:
Gold:   9          SH:  0    Dex: 14    Spells: 2/2 levels left

rFire   . . .        a - +0 short sword
rCold   . . .        (no shield)
rNeg    . . .        b - +0 leather armour
rPois   .            (no helmet)
rElec   .            (no cloak)
rCorr   .            (no gloves)
SInv    .            (no boots)
Will    .....        (no amulet)
Stlth   +++          (no ring)
HPRegen 0.24/turn    (no ring)
MPRegen 0.08/turn

%: no passive effects
@: no status effects
A: explore regen
a: no special abilities


You were on level 6 of the Dungeon.
You visited 1 branch of the dungeon, and saw 2 of its levels.

You collected 9 gold pieces.

Inventory:

Hand Weapons
 a - a +0 short sword (weapon)
Armour
 b - a +0 leather armour (worn)
Wands
 g - a wand of digging (3)
Scrolls
 c - a scroll of fog
 d - a scroll of poison {unknown}
 h - a scroll of torment {unknown}
 i - a scroll of amnesia {unknown}
Potions
 f - a potion of haste


   Skills:
 - Level 3.0 Fighting
 - Level 2.0 Short Blades
 - Level 2.0 Dodging
 + Level 6.0 Stealth


You had 2 spell levels left.
You didn't know any spells.
Your spell library was empty.

Dungeon Overview and Level Annotations

Branches:
Dungeon (6/15)
 Temple: D:4-7

Altars:


Innate Abilities, Weirdness & Mutations

You regain HP and MP as you explore.


Message History

You have reached level 3!
Your experience leads to an increase in your attributes!
Increase (S)trength, (I)ntelligence, or (D)exterity?
You feel clever. x2
There is a stone staircase leading up here.
You climb upwards.
Found a chain mail.
There is a stone staircase leading down here.
The orc throws a boomerang.
The boomerang hits you.
You climb downwards.
There is a stone staircase leading up here.
HP restored.
You see here a hound corpse.
You open the door.
There is an open door here.
A bullfrog comes into view.
Found a dagger.
The bullfrog gives a loud, deep croak!
You see here a scroll labelled OHEK MIN YTHRERI.
As you read the scroll of revelation, it crumbles to dust.
You feel aware of your surroundings.
You sensed 1 altar.
As you read the scroll of fear, it crumbles to dust.
You assume a fearsome visage.
The bullfrog looks frightened!
d - a scroll labelled OHEK MIN YTHRERI A white imp and a centaur come into view.
The white imp shouts!
A kobold comes into view. It is wielding a +0 short sword.
Found 10 gold pieces.
The centaur shouts!
The centaur wields a +0 orcbow.
The centaur shoots an arrow.
The arrow closely misses you.
The centaur shoots an arrow.
The arrow hits you!
The kobold shouts!
You hear a shout! x2; You hear a bellow! x2
The centaur shoots an arrow.
The arrow barely misses you. The white imp gestures at you.
The puff of frost hits you!
* * * LOW HITPOINT WARNING * * *
The centaur shoots an arrow.
The arrow hits you!
You die...

#.# #.#.#......,,
#.####.#.#......,,
#.##<.........[.,,
#.##.#.#.#......,,
#########.##.#.#.#......,,
########...†.....#,.....,,
#########.##.#.#.#,...,,,,
#########.##.#.#.#***+***,
#########@##.#.#.#***,* *,
#####.............,**,****
#####.......##.###,**,,,,,
#####.......##.#*,,,,,,,,<
#####.......##.###.#******
#####..............#
#####.............##******
####.........c......,,,,,*
####................,,,,,*


You could see a centaur.

Vanquished Creatures
  A hound (D:6)
1 creature vanquished.

Notes
Turn   | Place    | Note
-------+----------+-------------------------------------------
     0 | D:5      | croobank the Human Delver began the quest for the Orb.
     0 | D:5      | Reached XP level 1. HP: 18/18 MP: 1/1
    26 | D:6      | Noticed a hound
    36 | D:6      | Killed a hound
    37 | D:6      | Reached skill level 6 in Stealth
    37 | D:6      | Reached XP level 2. HP: 24/24 MP: 2/2
    37 | D:6      | Reached XP level 3. HP: 29/29 MP: 3/3
    66 | D:6      | Noticed a bullfrog
    78 | D:6      | Noticed a centaur
    84 | D:6      | Shot with an arrow by a centaur

Illustrated notes

Levels and vault maps discovered:
D:5:      layout_loops_cross, amcnicky_altar_gilded, nicolae_goblin_pals
D:6:      layout_basic, mainiacjoe_overflow_catwalk, hangedman_decor_growths,
          uniq_pikel, uniq_prince_ribbit1, uniq_maggie, uniq_blork_the_orc

Skill      XL: |  1 |
---------------+----+-----
Stealth        | 6 |  6.0
Fighting       | |  3.0
Short Blades   | |  2.0
Dodging        | |  2.0

Action                     || total
---------------------------++-------
  Melee: Short sword       ||     4
    Use: Scroll            ||     2
   Stab: Sleeping          ||     1
 Armour: Leather armour    ||     6
  Dodge: Dodged            ||     4

Table legend: (Time is in decaauts)
 A = Elapsed time spent in this place.
 B = Non-inter-level travel time spent in this place.
 C = Inter-level travel time spent in this place.
 D = Time resting spent in this place.
 E = Time spent auto-exploring this place.
 F = Levels seen in this place.
 G = Mean time per level.
                   A        B        C        D        E       F      G
               +--------+--------+--------+--------+--------+-----+--------+
         Total |     83 |     83 |      0 |      0 |     28 |   2 |   41.5 |
       Dungeon |     83 |     83 |      0 |      0 |     28 |   2 |   41.5 |
               +--------+--------+--------+--------+--------+-----+--------+

Top non-repeatable levels by time:
     D:6: 73 daAuts
     D:5: 9 daAuts
